 Dungeon Crawl Stone Soup version 0.22.1-1-ga44c0e5 (webtiles) character file.

1164 Irenicus the Covert (level 8, -1/67 HPs)
             Began as a Deep Dwarf Hunter on Sept 29, 2018.
             Killed from afar by a centaur (23 damage)
             ... with a wand of acid (6)
             ... on level 5 of the Dungeon.
             The game lasted 00:24:03 (2924 turns).

Irenicus the Covert (Deep Dwarf Hunter)             Turns: 2924, Time: 00:24:04

Health: -1/67      AC:  4    Str: 16    XL:     8   Next: 17%
Magic:  5/8        EV: 12    Int: 12    God:
Gold:   255        SH:  0    Dex: 17    Spells: 5/7 levels left

rFire    . . .     SeeInvis .   n - +0 hand axe (chop)
rCold    + . .     Gourm    .   (no shield)
rNeg     . . .     Faith    .   t - +0 leather armour (curse)
rPois    .         Spirit   .   (no helmet)
rElec    .         Reflect  .   m - +0 cloak
rCorr    .         Harm     .   (no gloves)
MR       +....                  (no boots)
Stlth    ++++......             (no amulet)
HPRegen  0.00/turn              y - ring of protection from cold
MPRegen  0.11/turn              (no ring)

@: non-regenerating
A: damage resistance, heal wounds, thin skeletal structure 1, sense surroundings
1, screaming 1, MP-powered wands, no regeneration
a: Heal Wounds


You were on level 5 of the Dungeon.
You were very hungry.

You visited 1 branch of the dungeon, and saw 5 of its levels.
You also visited: Sewer.

You collected 255 gold pieces.

Inventory:

Hand Weapons
 a - a +1 hand crossbow
 b - a +0 short sword
 n - a +0 hand axe of chopping (weapon)
Missiles
 d - 8 bolts
 l - a throwing net (quivered)
Armour
 c - a +0 leather armour
 m - a +0 cloak (worn)
 t - a cursed +0 leather armour (worn)
Jewellery
 k - an uncursed amulet of harm
 y - a ring of protection from cold (left hand)
Wands
 h - a wand of paralysis (29)
 s - a wand of flame (17)
 w - a wand of acid (11)
 z - a wand of iceblast (9)
Scrolls
 e - 3 scrolls of teleportation
 g - a scroll of fog
 i - 3 scrolls of fear
 j - a scroll of blinking {unknown}
 p - a scroll of identify
 q - a scroll of random uselessness {unknown}
 u - 3 scrolls of remove curse
 A - a scroll of amnesia {unknown}
Potions
 o - 2 potions of curing
 r - a potion of invisibility
 v - a potion of haste {unknown}
Comestibles
 f - 9 rations


   Skills:
 - Level 2.1 Fighting
 - Level 5.8 Axes
 - Level 5.1 Crossbows
 - Level 2.1 Dodging
 - Level 8.1 Stealth
 + Level 4.3 Translocations


You had 5 spell levels left.
You knew the following spells:

 Your Spells              Type           Power        Failure   Level  Hunger
b - Blink                 Tloc           N/A          11%         2    ###....

Your spell library contained the following spells:

 Spells                   Type           Power        Failure   Level  Hunger
 Magic Dart               Conj           #...         38%         1    ##.....
 Call Imp                 Summ           #.......     52%         2    ###....
 Slow                     Hex            #.......     52%         2    ###....
 Conjure Flame            Conj/Fire      #.......     77%         3    ####...
 Mephitic Cloud           Conj/Pois/Air  #.......     77%         3    ####...


Dungeon Overview and Level Annotations

Branches:
Dungeon (5/15)
 Temple: D:4-7

Altars:
Zin

Shops:
D:4 %


Innate Abilities, Weirdness & Mutations

You are resistant to damage.
You can heal yourself by infusing magical energy.
You passively map a small area around you.
You do not regenerate.
You have a somewhat thin skeletal structure. (Dex +2, Stealth)
You occasionally shout uncontrollably at your foes.
You expend magic power (3 MP) to strengthen your wands.


Message History

The worker ant zombie bites you.
You hit the worker ant zombie.
The worker ant zombie is heavily damaged.
The worker ant zombie bites you.
The centaur unwields an uncursed whip.
The centaur wields a shortbow.
The centaur shoots an arrow.
The arrow misses you.
The worker ant zombie closely misses you.
You slash the worker ant zombie!
The worker ant zombie is almost destroyed.
The worker ant zombie barely misses you.
You slash the worker ant zombie!
You destroy the worker ant zombie!
The centaur zaps a wand.
The bolt of acid misses you.
It is a wand of acid (6).
Evoke which item? (* to show all) (? for menu, Esc to quit)
Aiming: Paralyse
Press: ? - help, Shift-Dir - straight line, f - centaur
Aim: a centaur, wielding a shortbow and carrying a wand of acid (6) (chance to The centaur resists with some effort.
You feel a surge of power!
The centaur zaps a wand.
The bolt of acid hits you!
You die...

## ..## #.. #........ ## #..#
##.. #........ .##### #..## #..#
##....... .....##### #...###..#
#.......
#........######.c.##..#####......
####..........#...##..##.........
####...........(#.......#.....
###.........<.....####.....
####...(@........# ##....
###.......(......# ##...
#................### ####
#..)...............###
#.............##..)..###
####............#####))...##
#....<..........# ###.....
#....#####.......## ###.(. ..###
###....## ##.


You could see a centaur.

Vanquished Creatures
  Sigmund (D:4)
  2 ogres (D:4)
  A phantom (D:5)
  2 big kobolds (Sewer)
  Blork the orc (D:4)
  A water moccasin skeleton (D:5)
  A howler monkey (D:5)
  A centaur zombie (D:5)
  2 jellies (D:5)
  Crazy Yiuf (D:3)
  A centaur skeleton (D:5)
  Natasha (D:3)
  Terence (D:3)
  An orc wizard (D:5)
  A worker ant zombie (D:5)
  8 adders
  A river rat (Sewer)
  5 oozes
  A worm (D:2)
  4 dart slugs
  6 leopard geckos
  10 orcs
  3 ball pythons
  4 giant cockroaches
  3 goblins
  4 hobgoblins
  8 jackals
  6 quokkas
  6 bats
  5 frilled lizards
  13 kobolds
  A leopard gecko skeleton (D:5)
  24 rats
130 creatures vanquished.

Notes
Turn   | Place    | Note
-------+----------+-------------------------------------------
     0 | D:1      | Irenicus the Deep Dwarf Hunter began the quest for the Orb.
     0 | D:1      | Reached XP level 1. HP: 19/19 MP: 1/1
    99 | D:1      | Reached XP level 2. HP: 26/26 MP: 2/2
   105 | D:1      | Reached skill level 5 in Crossbows
   250 | D:2      | Reached skill level 2 in Stealth
   384 | D:2      | Reached XP level 3. HP: 28/32 MP: 3/3
   403 | D:2      | Reached skill level 3 in Stealth
   895 | D:2      | Reached skill level 4 in Stealth
   950 | D:3      | Found a glowing drain.
   967 | D:3      | Reached XP level 4. HP: 29/39 MP: 4/4
   983 | Sewer    | Entered a sewer
  1039 | Sewer    | Noticed a big kobold
  1057 | Sewer    | Killed a big kobold
  1057 | Sewer    | Reached skill level 6 in Stealth
  1057 | Sewer    | Reached XP level 5. HP: 18/45 MP: 5/5
  1153 | Sewer    | Reached skill level 7 in Stealth
  1153 | Sewer    | Reached XP level 6. HP: 13/52 MP: 6/6
  1239 | Sewer    | Gained mutation: You have a somewhat thin skeletal
                  | structure. (Dex +2, Stealth) [potion of mutation]
  1239 | Sewer    | Gained mutation: You occasionally shout uncontrollably at
                  | your foes. [potion of mutation]
  1239 | Sewer    | Gained mutation: You expend magic power (3 MP) to
                  | strengthen your wands. [potion of mutation]
  1567 | D:3      | Found a runed door.
  1571 | D:3      | Noticed Crazy Yiuf
  1579 | D:3      | Killed Crazy Yiuf
  1727 | D:3      | Noticed Terence
  1739 | D:3      | Killed Terence
  1739 | D:3      | Reached skill level 8 in Stealth
  1745 | D:3      | Noticed Natasha
  1763 | D:3      | Killed Natasha
  1927 | D:4      | Noticed Sigmund
  1945 | D:4      | Killed Sigmund
  1945 | D:4      | Reached XP level 7. HP: 35/60 MP: 7/7
  1988 | D:4      | Found a glowing silver altar of Zin.
  2072 | D:4      | Found Silakido's Food Boutique.
  2383 | D:5      | Entered Level 5 of the Dungeon
  2466 | D:5      | Reached skill level 5 in Axes
  2553 | D:5      | Learned a level 2 spell: Blink
  2566 | D:5      | Reached skill level 1 in Translocations
  2601 | D:4      | Reached XP level 8. HP: 11/67 MP: 8/8
  2682 | D:4      | Noticed Blork the orc
  2690 | D:4      | Killed Blork the orc
  2924 | D:5      | Killed from afar by a centaur

Skill      XL: |  1  2  3  4  5  6  7  8 |
---------------+-------------------------+-----
Crossbows      | 5 |  5.1
Stealth        | 2 4 6 7 8 |  8.1
Fighting       | 2 |  2.1
Axes           | 3 5 |  5.8
Translocations | 3 4 |  4.3
Dodging        | |  2.1

Action                   |  1- 3 |  4- 6 |  7- 9 || total
-------------------------+-------+-------+-------++-------
Melee: Short sword       |     7 |       |       ||     7
       Hand axe          |       |     1 |    77 ||    78
 Fire: Hand crossbow     |    85 |   121 |    58 ||   264
 Abil: Heal Wounds       |       |     1 |     2 ||     3
Evoke: Wand              |       |       |     3 ||     3
  Use: Scroll            |     3 |     2 |       ||     5
       Potion            |       |     8 |     4 ||    12
 Stab: Paralysed         |       |       |     8 ||     8
       Invisible         |       |       |     2 ||     2
       Sleeping          |       |       |     3 ||     3
  Eat: Chunk             |       |     3 |     2 ||     5
Armor: Leather armour    |    21 |     6 |    21 ||    48
       Skin              |       |     8 |       ||     8
Dodge: Dodged            |    47 |    38 |    65 ||   150
